 Dungeon Crawl Stone Soup version 0.27-a0-1191-g601b473118 (webtiles) character file.

Game seed: 14903643508603427442

57 polve the Slasher (level 3, -1/27 HPs)
             Began as a Demonspawn Gladiator on May 23, 2021.
             Was a Follower of Wu Jian.
             Slain by Robin
             ... wielding a +0 whip
              (3 damage)
             ... on level 2 of the Dungeon.
             The game lasted 00:00:42 (1097 turns).

polve the Slasher (Demonspawn Gladiator)            Turns: 1097, Time: 00:00:43

Health: -1/27      AC:  4    Str: 15    XL:     3   Next: 73%
Magic:  3/3        EV: 12    Int:  9    God:    Wu Jian [*.....]
Gold:   23         SH:  0    Dex: 14    Spells: 2/2 levels left

rFire    . . .     SeeInvis .   a - +0 long sword
rCold    . . .     Faith    .   (no shield)
rNeg     . . .     Spirit   .   b - +0 leather armour
rPois    .         Reflect  .   c - +0 helmet
rElec    .         Harm     .   (no cloak)
rCorr    .         Rampage  .   (no gloves)
Will     .....                  (no boots)
Stlth    +.........             (no amulet)
HPRegen  0.09/turn              (no ring)
MPRegen  0.08/turn              (no ring)

@: no status effects
A: talons 1
a: Renounce Religion


You were on level 2 of the Dungeon.
You worshipped Wu Jian.
Wu Jian was aware of your devotion.
You visited 1 branch of the dungeon, and saw 2 of its levels.

You collected 23 gold pieces.

Inventory:

Hand Weapons
 a - a +0 long sword (weapon)
Missiles
 d - 3 throwing nets (quivered)
Armour
 b - a +0 leather armour (worn)
 c - a +0 helmet (worn)
 h - a +1 cloak
Scrolls
 g - a scroll of amnesia {unknown}
 k - a scroll of teleportation {unknown}
Potions
 e - a potion of curing {unknown}
 f - a potion of ambrosia {unknown}
 i - a potion of brilliance {unknown}
 j - a potion of might {unknown}


   Skills:
 - Level 2.0 Fighting
 + Level 4.3 Long Blades
 - Level 1.7 Throwing
 - Level 2.6 Dodging


You had 2 spell levels left.
You didn't know any spells.
Your spell library contained the following spells:

 Spells                   Type           Power      Damage    Failure   Level
 Magic Dart               Conj           0%         1d3       45%         1
 Blink                    Tloc           N/A        N/A       58%         2
 Call Imp                 Summ           0%         N/A       58%         2
 Slow                     Hex            0%         N/A       58%         2
 Conjure Flame            Conj/Fire      0%         6-21      83%         3
 Mephitic Cloud           Conj/Pois/Air  0%         N/A       83%         3


Dungeon Overview and Level Annotations

Branches:
Dungeon (2/15)

Altars:
Wu Jian

Annotations:
D:2 Robin


Innate Abilities, Weirdness & Mutations

You have sharp toenails.


Message History

The goblin is heavily wounded.
The goblin closely misses you. The goblin hits you with a +0 club.
The goblin hits you with a +0 dagger.
You slash the goblin!
You kill the goblin!
The Council accepts your kill. Robin throws the goblin at you!
The goblin closely misses you.
You slash the goblin!
You kill the goblin!
The Council accepts your kill. The goblin hits you with a +0 club.
Things that are here:
a +0 dagger; a +0 dagger; a goblin corpse You hit the goblin but do no damage.
Your kick misses the goblin.
Robin roars a battlecry!
The goblins go into a battle-frenzy!
The goblin misses you.
You hit the goblin.
You kill the goblin!
The Council accepts your kill.
You hit Robin but do no damage. You claw Robin, but do no damage.
Robin misses you.
You riposte.
You completely miss Robin. You barely miss Robin. You claw Robin.
Robin is moderately wounded.
Robin flexes a bicep menacingly.
Robin misses you.
You barely miss Robin.
Robin is moderately wounded.
Robin closely misses you.
You hit Robin but do no damage. You claw Robin, but do no damage.
Robin is moderately wounded.
Robin closely misses you. Robin barely misses you.
You closely miss Robin. You claw Robin.
Robin is moderately wounded.
Robin hits you with a +0 whip!
* * * LOW HITPOINT WARNING * * *
You hit Robin. Your kick misses Robin.
Robin is severely wounded.
Robin hits you with a +0 whip.
You die...

≈≈≈≈≈≈≈≈≈≈≈≈≈≈≈#..
≈≈≈≈≈≈≈≈≈≈≈≈≈≈≈#.#
..............##.#
################.#
##..## #8.##)#
####.##.######.#.#
#...####..####.#g#
.###.#####.##.##g# ##
##.##.)#..###@#
######.#########.#
#....#.#....#....#
.............#...#
.....#.#.........#
.................#
.####..#########.####
..............#.....#
..............#.#.#.#


You could see Robin and a hobgoblin (strong).

Vanquished Creatures
  2 adders (D:2)
  A worm (D:2)
  3 dart slugs
  A bat (D:1)
  A giant cockroach (D:1)
  13 goblins
  A hobgoblin (D:1)
  2 kobolds (D:1)
  A ball python (D:1)
  3 rats
28 creatures vanquished.

Notes
Turn   | Place    | Note
-------+----------+-------------------------------------------
     0 | D:1      | polve the Demonspawn Gladiator began the quest for the Orb.
     0 | D:1      | Reached XP level 1. HP: 16/16 MP: 1/1
   294 | D:1      | Reached skill level 3 in Long Blades
   301 | D:1      | Gained mutation: You have sharp toenails. [demonic
                  | ancestry]
   301 | D:1      | Reached XP level 2. HP: 19/22 MP: 2/2
   442 | D:1      | Found a faded altar of an unknown god.
   455 | D:1      | Became a worshipper of the Wu Jian Council
   455 | D:1      | Reached * piety under Wu Jian
   742 | D:2      | Reached XP level 3. HP: 26/27 MP: 3/3
   863 | D:2      | Reached skill level 4 in Long Blades
  1077 | D:2      | Noticed Robin
  1097 | D:2      | Slain by Robin

Illustrated notes

Levels and vault maps discovered:
D:1:      tarquinn_simple_flora_water_c, layout_basic,
          ebering_ecumenical_altar_sacrificial
D:2:      wad_river_or_something, layout_basic, minmay_pentomino_s4, uniq_robin

Skill      XL: |  1  2  3 |
---------------+----------+-----
Long Blades    | 3 4 |  4.3
Fighting       | |  2.0
Throwing       | |  1.7
Dodging        | |  2.6

Action                   || total
-------------------------++-------
Melee: Long sword        ||    69
       Kick              ||    16
Invok: Lunge             ||     3
Armor: Leather armour    ||    19
Dodge: Dodged            ||    37
       Rpst.: Long sword ||    12

Table legend: (Time is in decaauts)
 A = Elapsed time spent in this place.
 B = Non-inter-level travel time spent in this place.
 C = Inter-level travel time spent in this place.
 D = Time resting spent in this place.
 E = Time spent auto-exploring this place.
 F = Levels seen in this place.
 G = Mean time per level.
                   A        B        C        D        E       F      G
               +--------+--------+--------+--------+--------+-----+--------+
         Total |   1112 |   1089 |     23 |      0 |    926 |   2 |  556.0 |
       Dungeon |   1112 |   1089 |     23 |      0 |    926 |   2 |  556.0 |
               +--------+--------+--------+--------+--------+-----+--------+

Top non-repeatable levels by time:
     D:1: 701 daAuts
     D:2: 410 daAuts
